 Dungeon Crawl Stone Soup version 0.30-a0-739-gea05faddec (webtiles) character file.

Game seed: 16705508714608595826

477 ParallaxScroll the Changer (level 7, -2/46 HPs)
             Began as an Octopode Transmuter on Feb 4, 2023.
             Was a Follower of Cheibriados.
             Slain by an ice beast (5 damage)
             ... on level 5 of the Dungeon.
             The game lasted 00:22:55 (4692 turns).

ParallaxScroll the Changer (Octopode Transmuter)    Turns: 4692, Time: 00:22:56

Health: -2/46      AC:  1    Str: 12    XL:     7   Next: 11%
Magic:  8/10       EV: 13    Int: 19    God:    Cheibriados [*.....]
Gold:   272        SH:  0    Dex: 14    Spells: 5/10 levels left

rFire   . . .      SeeInvis .    a - +1 dagger (freeze)
rCold   . . .      Faith    .    (no shield)
rNeg    . . .      Spirit   .    (helmet currently unavailable)
rPois   +          Reflect  .    (no amulet)
rElec   .          Harm     .    r - ring of poison resistance
rCorr   .          Rampage  .    C - ring of willpower
Will    +....                    (no ring)
Stlth   +++                      (no ring)
HPRegen 0.27/turn                (no ring)
MPRegen 0.12/turn                (no ring)
                                 (no ring)
                                 (no ring)

@: brilliant, appendages, wereblooded, flying, very slow
A: tentacle spike 3, almost no armour, amphibious, 8 rings, camouflage 1,
gelatinous body 1, (nimble swimmer 1), tentacles
a: End Transformation, Renounce Religion, Bend Time


You were on level 5 of the Dungeon.
You worshipped Cheibriados.
Cheibriados was aware of your devotion.
One of your tentacles had grown a beastly spike.
You visited 1 branch of the dungeon, and saw 5 of its levels.

You collected 272 gold pieces.

Inventory:

Hand Weapons
 a - a +1 dagger of freezing (weapon)
 b - a +0 sling
 c - a +0 quarterstaff
 l - a +0 hand axe
 w - a +0 short sword
Missiles
 f - 46 stones (quivered)
 o - 11 boomerangs
 v - 5 javelins
 x - 3 poisoned darts
Magical Staves
 n - a staff of poison
Jewellery
 r - a ring of poison resistance (left tentacle)
 C - a ring of willpower (right tentacle)
Wands
 E - a wand of flame (14)
Scrolls
 d - a scroll of magic mapping
 e - a scroll of fog
 g - 2 scrolls of enchant weapon
 h - 4 scrolls of vulnerability
 k - 2 scrolls of teleportation
 q - 2 scrolls of blinking {unknown}
 y - a scroll of immolation {unknown}
 D - a scroll of summoning {unknown}
Potions
 i - 3 potions of lignification
 j - 2 potions of curing
 m - a potion of magic {unknown}
 p - a potion of flight
 s - a potion of brilliance
 t - a potion of invisibility {unknown}
 u - a potion of might {unknown}
 z - a potion of cancellation {unknown}
 A - 2 potions of heal wounds {unknown}
 B - a potion of degeneration {unknown}


   Skills:
 - Level 3.6 Fighting
 + Level 0.0 Short Blades
 - Level 0.7 Axes
 - Level 2.0 Dodging
 - Level 2.0 Stealth
 - Level 3.5 Unarmed Combat
 - Level 2.0 Spellcasting
 + Level 1.2 Hexes
 - Level 4.0 Transmutations
 - Level 2.0 Ice Magic
 - Level 3.0 Invocations
 - Level 1.0 Evocations


You had 5 spell levels left.
You knew the following spells:

 Your Spells              Type           Power      Damage    Failure   Level
a - Beastly Appendage     Tmut           50%        N/A       3%          1
b - Wereblood             Tmut           25%        N/A       4%          2
c - Ensorcelled Hibernat  Hex/Ice        22%        N/A       13%         2

Your spell library contained the following spells:

 Spells                   Type           Power      Damage    Failure   Level
 Spider Form              Tmut/Pois      14%        N/A       22%         3
 Lesser Beckoning         Tloc           4%         N/A       26%         2
 Ice Form                 Ice/Tmut       19%        N/A       43%         4
 Gell's Gravitas          Tloc           2%         N/A       45%         3
 Teleport Other           Tloc           2%         N/A       45%         3
 Anguish                  Hex/Necr       3%         N/A       78%         4


Dungeon Overview and Level Annotations

Branches:
Dungeon (5/15)             Temple (0/1) D:4

Altars:
Cheibriados
Makhleb

Annotations:
D:3 exclusion: 2 gnolls
D:4 exclusion: black bear
D:5 exclusion: ogre


Innate Abilities, Weirdness & Mutations

One of your tentacles has grown a beastly spike.
You cannot wear most types of armour.
You are amphibious.
You can wear up to eight rings at the same time.
Your skin changes colour to match your surroundings (Stealth+).
Your rubbery body absorbs attacks. (AC +1, EV +1)
((You are camouflaged when in or above water. (Stealth+)))
You have tentacles for arms and can constrict up to eight enemies at once.


Message History

You can't see any susceptible monsters within range! (Use Z to cast anyway.)
Your +1 dagger of freezing glows with a cold blue light!
a - a +1 dagger of freezing (weapon)
Casting: Wereblood (safe; 4% risk of failure)
Confirm with . or Enter, or press ? or * to list all spells.
One of your tentacles grows a vicious spike.
You closely miss the ice beast. You squeeze the ice beast.
The ice beast is lightly wounded.
The ice beast barely misses you.
You hit the ice beast. You tentacle-slap the ice beast.
You squeeze the ice beast!
The ice beast is heavily wounded.
The ice beast closely misses you.
You hit the ice beast but do no damage.
You pierce the ice beast, but do no damage.
The ice beast is heavily wounded.
The ice beast hits you. The ice beast freezes you!
You hit the ice beast but do no damage.
You pierce the ice beast, but do no damage.
The ice beast is heavily wounded.
The ice beast hits you. The ice beast freezes you!
You hit the ice beast.
You pierce the ice beast.
You squeeze the ice beast.
The ice beast is severely wounded.
The ice beast hits you. The ice beast freezes you.
* * * LOW HITPOINT WARNING * * *
It was a potion of curing.
You feel better. The ice beast misses you.
It was a potion of flight.
You feel very buoyant.
You fly up into the air.
The ice beast hits you. The ice beast freezes you!
* * * LOW HITPOINT WARNING * * *
It was a potion of brilliance.
You feel clever all of a sudden. The ice beast completely misses you.
Aiming: Throw Flame
Press: ? - help, Shift-Dir - straight line, f/p - ice beast
Aim: an ice beast (severely wounded, 68% to hit)
The puff of flame misses the ice beast.
The ice beast hits you.
* * * LOW HITPOINT WARNING * * *
The ice beast freezes you.
You die...

#.....#....#.....#.........>..
#.....##'###.....+............
#.....#...##.....#............
#.....#...########.###.##.##..
#.....+...##...###.# #.##.##..
#.....#...##....#.. .........
#.....#+####....#.. .........
#.........# ........
#......@..+ ........
+...##Y###### ###.##+#
.#####.......# #. #..
.............# . #..
.............# # +..
.............#+## ###
......####.)....# #.###..
.###+# #......# .......
+..†...# .....>.


You could see an ice beast.

Vanquished Creatures
  A water moccasin (D:5)
  An ogre (D:5)
  A jelly (D:5)
  2 hounds
  An orc priest (D:5)
  An iguana (D:5)
  6 adders
  2 ufetubi
  3 worms
  5 orcs
  5 ball pythons
  9 endoplasms
  4 giant cockroaches
  8 goblins
  4 hobgoblins
  3 quokkas
  6 bats
  4 frilled lizards
  3 kobolds
  4 rats
73 creatures vanquished.

Notes
Turn   | Place    | Note
-------+----------+-------------------------------------------
     0 | D:1      | ParallaxScroll the Octopode Transmuter began the quest for
                  | the Orb.
     0 | D:1      | Reached XP level 1. HP: 13/13 MP: 3/3
   245 | D:1      | Reached XP level 2. HP: 10/18 MP: 3/5
   280 | D:1      | Learned a level 2 spell: Wereblood
  1284 | D:2      | Reached XP level 3. HP: 22/23 MP: 2/6
  1395 | D:2      | Reached skill level 3 in Transmutations
  1820 | D:2      | Reached XP level 4. HP: 29/29 MP: 4/7
  3087 | D:4      | Noticed a black bear
  3212 | D:4      | Found a snail-covered altar of Cheibriados.
  3229 | D:4      | Became a worshipper of Cheibriados the Contemplative
  3292 | D:4      | Identified the +0 robe "Uqyfunk" {Int+3 Dex+2}
  3589 | D:4      | Found a burning altar of Makhleb.
  3597 | D:4      | Reached XP level 5. HP: 34/36 MP: 4/8
  3704 | D:4      | Found a staircase to the Ecumenical Temple.
  3803 | D:5      | Entered Level 5 of the Dungeon
  3823 | D:5      | Reached skill level 4 in Transmutations
  4012 | D:5      | Reached skill level 1 in Stealth
  4115 | D:5      | Reached XP level 6. HP: 26/42 MP: 7/9
  4229 | D:5      | Reached * piety under Cheibriados
  4252 | D:5      | Noticed a water moccasin
  4266 | D:5      | Killed a water moccasin
  4267 | D:5      | Reached skill level 1 in Ice Magic
  4494 | D:5      | Learned a level 2 spell: Ensorcelled Hibernation
  4610 | D:5      | Reached skill level 1 in Hexes
  4610 | D:5      | Reached skill level 1 in Evocations
  4610 | D:5      | Reached XP level 7. HP: 31/46 MP: 4/10
  4692 | D:5      | Slain by an ice beast

Illustrated notes

Levels and vault maps discovered:
D:1:      shiori_arrival_elements, layout_basic
D:2:      layout_basic, st_stairs_13
D:3:      layout_basic, serial_rivers, chequers_serial_rivers_large_b,
          chequers_serial_rivers_micro_d, chequers_serial_rivers_small_a,
          chequers_serial_rivers_micro_d, chequers_serial_rivers_micro_e,
          chequers_serial_rivers_micro_e, st_stairs_12,
          corexii_leaking_fountain, minivault_24, nicolae_figureground_sparkle
D:4:      layout_rooms, cheibrodos_worm_habitat, makhleb_heckhound_becter,
          temple_hall
D:5:      layout_gridville

Skill      XL: |  1  2  3  4  5  6 |
---------------+-------------------+-----
Transmutations | 3 4 |  4.0
Fighting       | 2 3 |  3.6
Stealth        | 2 |  2.0
Ice Magic      | 2 |  2.0
Invocations    | 3 |  3.0
Hexes          | 1 |  1.2
Evocations     | 1 |  1.0
Axes           | |  0.7
Dodging        | |  2.0
Unarmed Combat | |  3.5
Spellcasting   | |  2.0

Action                     |  1- 3 |  4- 6 |  7- 9 || total
---------------------------+-------+-------+-------++-------
  Melee: Unarmed           |    12 |       |       ||    12
         Kick              |    14 |    27 |     3 ||    44
         Constrict         |    16 |    26 |       ||    42
         Punch             |     4 |     1 |     1 ||     6
         Tentacles         |     6 |    24 |     3 ||    33
         Dagger            |    32 |    48 |     5 ||    85
         Hand axe          |     8 |       |       ||     8
         Quarterstaff      |       |    42 |       ||    42
   Fire: Sling             |     9 |    41 |     2 ||    52
  Throw: Stone             |     2 |       |       ||     2
   Cast: Beastly Appendage |    21 |    25 |     1 ||    47
         Wereblood         |    15 |    26 |     1 ||    42
         Ensorcelled Hiber |       |     2 |       ||     2
  Evoke: Wand              |       |       |     1 ||     1
    Use: Scroll            |     4 |     1 |       ||     5
         Potion            |       |       |     3 ||     3
   Stab: Sleeping          |     2 |     3 |       ||     5
 Armour: Skin              |     6 |     6 |       ||    12
  Dodge: Dodged            |    33 |    61 |     4 ||    98

Table legend: (Time is in decaauts)
 A = Elapsed time spent in this place.
 B = Non-inter-level travel time spent in this place.
 C = Inter-level travel time spent in this place.
 D = Time resting spent in this place.
 E = Time spent auto-exploring this place.
 F = Levels seen in this place.
 G = Mean time per level.
                   A        B        C        D        E       F      G
               +--------+--------+--------+--------+--------+-----+--------+
         Total |   4914 |   4786 |    128 |    876 |   3153 |   5 |  982.8 |
       Dungeon |   4914 |   4786 |    128 |    876 |   3153 |   5 |  982.8 |
               +--------+--------+--------+--------+--------+-----+--------+

Top non-repeatable levels by time:
     D:1: 1274 daAuts
     D:2: 1125 daAuts
     D:5: 997 daAuts
     D:4: 881 daAuts
     D:3: 634 daAuts
